 Dungeon Crawl Stone Soup version 0.29.1-2-gbd0b4ee654 (webtiles) character file.

Game seed: 9773242486844846378

140 xian the Slasher (level 5, -6/46 HPs)
             Began as a Naga Gladiator on Nov 12, 2022.
             Killed by divine providence
             ... invoked by an orc priest
              (17 damage)
             ... on level 3 of the Dungeon.
             The game lasted 00:05:53 (2431 turns).

xian the Slasher (Naga Gladiator)                   Turns: 2431, Time: 00:05:53

Health: -6/46      AC:  8    Str: 18    XL:     5   Next: 22%
Magic:  5/5        EV: 10    Int:  8    God:
Gold:   133        SH:  3    Dex: 13    Spells: 4/4 levels left

rFire   . . .      SeeInvis +   a - +0 long sword
rCold   . . .      Faith    .   l - +0 buckler
rNeg    . . .      Spirit   .   b - +0 leather armour
rPois   +          Reflect  .   c - +0 helmet
rElec   .          Harm     .   (no cloak)
rCorr   .          Rampage  .   (no gloves)
Will    .....                   (no barding)
Stlth   +.........              (no amulet)
HPRegen 0.15/turn               n - +4 ring of protection
MPRegen 0.09/turn               (no ring)

@: very slow
A: AC +1, large, see invisible, deformed body, poison resistance, slowness 2,
spit poison 1, naga tail 1
a: Spit Poison


You were on level 3 of the Dungeon.
You visited 1 branch of the dungeon, and saw 3 of its levels.

You collected 133 gold pieces.

Inventory:

Hand Weapons
 a - a +0 long sword (weapon)
Missiles
 d - 3 throwing nets
 e - a javelin
Armour
 b - a +0 leather armour (worn)
 c - a +0 helmet (worn)
 l - a +0 buckler (worn)
Jewellery
 n - a +4 ring of protection (left hand)
Scrolls
 f - a scroll of magic mapping {unknown}
 g - 2 scrolls of fear {unknown}
 h - a scroll of blinking {unknown}
 j - a scroll of noise {unknown}
 k - 2 scrolls of teleportation {unknown}
 m - a scroll of poison {unknown}
 q - a scroll of amnesia {unknown}
 r - a scroll of identify {unknown}
Potions
 i - a potion of magic {unknown}
 o - a potion of heal wounds {unknown}
 p - 2 potions of haste {unknown}


   Skills:
 + Level 2.5 Fighting
 + Level 4.4 Long Blades
 + Level 1.8 Throwing
 + Level 1.3 Armour
 + Level 3.0 Dodging
 + Level 0.7 Stealth
 + Level 0.1 Shields


You had 4 spell levels left.
You didn't know any spells.
Your spell library contained the following spells:

 Spells                   Type           Power      Damage    Failure   Level
 Confusing Touch          Hex            0%         N/A       89%         3
 Gell's Gravitas          Tloc           0%         N/A       89%         3
 Lesser Beckoning         Tloc           0%         N/A       89%         3
 Teleport Other           Tloc           0%         N/A       89%         3
 Yara's Violent Unravell  Hex/Tmut       0%         3d3       100%        5
 Enfeeble                 Hex            0%         N/A       100%        7


Dungeon Overview and Level Annotations

Branches:
Dungeon (3/15)

Altars:


Innate Abilities, Weirdness & Mutations

Your serpentine skin is tough. (AC +1)
You have supernaturally acute eyesight. (SInv)
Armour fits poorly on your strangely shaped body.
Your system is resistant to poisons. (rPois)
You cover ground very slowly.
You can spit poison.
You have a snake-like lower body.


Message History

The orc is lightly wounded.
The orc misses you.
You hit the orc.
The orc is heavily wounded.
You block the orc's attack.
You slash the orc!
You kill the orc!
You hit the rat but do no damage. The rat closely misses you.
The rat bites you but does no damage.
You hit the rat.
The rat is heavily wounded.
The rat bites you.
You hit the rat.
You kill the rat!
You closely miss the orc priest.
The orc priest calls down the wrath of Beogh upon you.
You struggle to resist.
The orc priest misses you.
You hit the orc priest.
The orc priest is lightly wounded.
The orc priest hits you with a +0 club.
You hit the orc priest.
The orc priest is lightly wounded.
The orc priest mumbles some strange prayers to Beogh against you.
Pain shoots through your body!
You closely miss the orc priest.
The orc priest is lightly wounded.
The orc priest hits you with a +0 club.
You closely miss the orc priest.
The orc priest is lightly wounded.
The orc priest looks satisfied for a moment.
The orc priest hits you with a +0 club.
* * * LOW HITPOINT WARNING * * *
You hit the orc priest.
The orc priest is moderately wounded.
The orc priest closely misses you.
You closely miss the orc priest.
The orc priest is moderately wounded.
The orc priest calls down the wrath of Beogh upon you.
Beogh smites you!
You die...

#. ..#.....
#.##.......
#........#
........#
o......# # #
......#.#
#.####)#......
#..@oo.......#
######...?....
#.....<#..#...
##.##..#......
#..# .....
#..# .....
#..# .... ..##
.### #.


You could see an orc priest and an orc.

Vanquished Creatures
  An orc priest (D:3)
  Jessica (D:2)
  2 adders (D:2)
  A worm (D:2)
  An orc (D:3)
  5 ball pythons
  7 endoplasms (D:1)
  7 goblins
  3 hobgoblins
  7 jackals (D:1)
  4 quokkas
  5 bats
  3 frilled lizards
  5 kobolds
  6 rats
58 creatures vanquished.

Vanquished Creatures (others)
  5 toadstools (D:1)
5 creatures vanquished.

Grand Total: 63 creatures vanquished

Notes
Turn   | Place    | Note
-------+----------+-------------------------------------------
     0 | D:1      | xian the Naga Gladiator began the quest for the Orb.
     0 | D:1      | Reached XP level 1. HP: 19/19 MP: 1/1
   146 | D:1      | Reached XP level 2. HP: 26/26 MP: 2/2
   341 | D:1      | Found a faded altar of an unknown god.
   792 | D:1      | Reached XP level 3. HP: 27/32 MP: 3/3
  1533 | D:2      | Noticed Jessica
  1538 | D:2      | Killed Jessica
  1539 | D:2      | Reached skill level 1 in Armour
  1539 | D:2      | Reached XP level 4. HP: 40/40 MP: 4/4
  1971 | D:2      | Reached skill level 4 in Long Blades
  2416 | D:3      | Reached XP level 5. HP: 28/46 MP: 5/5
  2431 | D:3      | Killed from afar by an orc priest

Illustrated notes

Levels and vault maps discovered:
D:1:      ldierk_walled_garden, layout_basic, hellmonk_ecumenical_altar_run_dry,
          minmay_box_of_dots
D:2:      layout_loops_corners, minmay_split_cup_large, uniq_jessica
D:3:      layout_basic, mainiacjoe_overflow_catch_the_wave,
          general_overflow_altar, uniq_grinder

Skill      XL: |  1  2  3  4 |
---------------+-------------+-----
Armour         | 1 |  1.3
Dodging        | 3 |  3.0
Long Blades    | 4 |  4.4
Fighting       | |  2.5
Throwing       | |  1.8
Stealth        | |  0.7
Shields        | |  0.1

Action                   |  1- 3 |  4- 6 || total
-------------------------+-------+-------++-------
Melee: Long sword        |    78 |    74 ||   152
 Abil: Spit Poison       |     7 |     1 ||     8
Armor: Leather armour    |    34 |    31 ||    65
Dodge: Dodged            |    65 |    36 ||   101
Block: Buckler           |       |    10 ||    10
